 Dungeon Crawl Stone Soup version 0.29.1-13-g9f3cf754e1 (webtiles) character file.

Game seed: 987723407841509203

196 croobank the Sneak (level 5, -6/37 HPs)
             Began as an Octopode Delver on Feb 7, 2023.
             Mangled by a black bear (7 damage)
             ... on level 3 of the Dungeon.
             The game lasted 00:10:49 (4164 turns).

croobank the Sneak (Octopode Delver)                Turns: 4164, Time: 00:10:50

Health: -6/37      AC:  1    Str: 11    XL:     5   Next: 75%
Magic:  9/13       EV: 13    Int: 17    God:
Gold:   86         SH:  5    Dex: 14    Spells: 3/4 levels left

rFire   . . .      SeeInvis .   l - +5 dagger
rCold   . . .      Faith    .   e - +2 buckler of Daenuj {rPois MP+9 Int+3}
rNeg    + . .      Spirit   .   (helmet restricted)
rPois   +          Reflect  .   f - amulet of the acrobat
rElec   .          Harm     .   d - ring of positive energy
rCorr   +          Rampage  .   w - ring of resist corrosion
Will    .....                   (no ring)
Stlth   +++++.....              (no ring)
HPRegen 0.12/turn               (no ring)
MPRegen 0.13/turn               (no ring)
                                (no ring)
                                (no ring)

@: no status effects
A: almost no armour, amphibious, 8 rings, camouflage 1, gelatinous body 1,
(nimble swimmer 1), tentacles, low MP 1, sense surroundings 1, noise suppression
a: no special abilities


You were on level 3 of the Dungeon.
You visited 1 branch of the dungeon, and saw 6 of its levels.

You collected 138 gold pieces.
You spent 52 gold pieces at shops.

Inventory:

Hand Weapons
 a - a +0 hand axe
 j - a +0 dagger
 l - a +5 dagger (weapon)
 x - a +0 war axe
Missiles
 k - 16 poisoned darts (quivered)
Armour
 e - the +2 buckler of Daenuj (worn) {rPois MP+9 Int+3}
   (You acquired it on level 3 of the Dungeon)

   Int:       It affects your intelligence (+3).
   rPois:     It protects you from poison.
   MP:        It affects your magic capacity (+9).
Jewellery
 d - a ring of positive energy (left tentacle)
 f - an amulet of the acrobat (around mantle)
 w - a ring of resist corrosion (right tentacle)
Scrolls
 b - a scroll of fog
 c - 4 scrolls of magic mapping
 i - 3 scrolls of teleportation
 p - a scroll of fear
 r - 2 scrolls of noise
 v - 3 scrolls of immolation
 A - a scroll of blinking {unknown}
 B - a scroll of enchant weapon
Potions
 o - a potion of flight
 s - a potion of invisibility
 t - a potion of brilliance
 z - a potion of cancellation {unknown}


   Skills:
 + Level 4.0 Fighting
 + Level 3.3 Axes
 + Level 3.2 Dodging
 + Level 7.6 Stealth
 + Level 0.3 Shields


You had 3 spell levels left.
You knew the following spells:

 Your Spells              Type           Power      Damage    Failure   Level
a - Sandblast             Erth           0%         2d4       32%         1

Your spell library contained the following spells:

 Spells                   Type           Power      Damage    Failure   Level
 Passwall                 Tmut/Erth      0%         N/A       43%         2
 Gell's Gravitas          Tloc           0%         N/A       67%         3
 Lesser Beckoning         Tloc           0%         N/A       67%         3
 Stone Arrow              Conj/Erth      0%         3d7       67%         3
 Teleport Other           Tloc           0%         N/A       67%         3


Dungeon Overview and Level Annotations

Branches:
Dungeon (6/15)
 Temple: D:4-7

Altars:

Shops:
D:2 (   D:4 ?

Annotations:
D:4 Menkaure


Innate Abilities, Weirdness & Mutations

You cannot wear most types of armour.
You are amphibious.
You can wear up to eight rings at the same time.
Your skin changes colour to match your surroundings (Stealth+).
Your rubbery body absorbs attacks. (AC +1, EV +1)
((You are camouflaged when in or above water. (Stealth+)))
You have tentacles for arms and can constrict up to eight enemies at once.
Your magical capacity is low. (-10% MP)
You passively map a small area around you.
You passively dampen the noise of your surroundings.


Message History

Aim: a black bear (lightly wounded, 86% to hit)
The blast of sand hits the black bear.
The black bear is moderately wounded.
The black bear bites you! The black bear barely misses you.
The black bear claws you.
The black bear barely misses you. x2; The black bear claws you.
You climb upwards.
There is a stone staircase leading down here.
You hit the black bear. Your grab misses the black bear.
The black bear is heavily wounded.
The black bear completely misses you. The black bear claws you. x2
Your magical contamination has completely faded away.
You hit the black bear. Your grab misses the black bear.
You tentacle-slap the black bear, but do no damage.
You squeeze the black bear.
The black bear is almost dead.
The black bear goes berserk!
Casting: Sandblast (safe; 32% risk of failure)
Confirm with . or Enter, or press ? or * to list all spells.
Aiming: Sandblast (safe; 32% risk of failure)
Press: ? - help, Shift-Dir - straight line, f - black bear
Aim: a black bear (almost dead, berserk, 86% to hit)
The blast of sand hits the black bear.
The black bear is almost dead.
You block the black bear's attack. The black bear barely misses you.
The black bear claws you. The black bear closely misses you. x2
The black bear misses you.
Casting: Sandblast (safe; 32% risk of failure)
Confirm with . or Enter, or press ? or * to list all spells.
Aiming: Sandblast (safe; 32% risk of failure)
Press: ? - help, Shift-Dir - straight line, f/p - black bear
Aim: a black bear (almost dead, berserk, 86% to hit)
The blast of sand hits the black bear but does no damage.
The black bear is almost dead.
The black bear bites you!
* * * LOW HITPOINT WARNING * * *
The black bear claws you.
* * * LOW HITPOINT WARNING * * *
The black bear claws you!
You die...

##.....####........#
###...## ####.##### #
##.## #.# #.# #.###
#.# #.#.## ##K##
#....# ##.K.## ###.##
##..K..## ###.#
#....K).## ##.#@#
.....K...####...h#
.........'...###'###
.........#####.....##
#.......## #.......#
##.....## #.......#
##...## #...∩...#
##'## #.......# #.#
#.......#


You could see a black bear (berserk).

Vanquished Creatures
  A phantom (D:3)
  A hound (D:4)
  3 worms (D:2)
  4 dart slugs
  4 endoplasms
  4 giant cockroaches
  6 goblins
  8 hobgoblins
  2 jackals (D:2)
  8 kobolds
  2 quokkas
  9 ball pythons
  9 bats
  3 frilled lizards
  4 rats
68 creatures vanquished.

Notes
Turn   | Place    | Note
-------+----------+-------------------------------------------
     0 | D:5      | croobank the Octopode Delver began the quest for the Orb.
     0 | D:5      | Reached XP level 1. HP: 16/16 MP: 1/1
    19 | D:5      | Identified the +1 leather armour of Omaatash {rElec rN+}
    70 | D:6      | Noticed a wight
    70 | D:6      | Noticed a jelly
    93 | D:4      | Noticed an ogre
   118 | D:4      | Noticed Menkaure
   129 | D:4      | Found Neryk's Magic Scroll Shop.
   146 | D:4      | Noticed a black bear
   537 | D:2      | Reached XP level 2. HP: 21/21 MP: 2/2
   864 | D:1      | Reached XP level 3. HP: 24/26 MP: 3/3
  1210 | D:1      | Reached skill level 7 in Stealth
  1616 | D:2      | Found a faded altar of an unknown god.
  1836 | D:2      | Reached XP level 4. HP: 27/31 MP: 4/4
  1874 | D:2      | Identified the +4 leather armour of Light {Harm}
  1888 | D:2      | Found Gyewit's Weapon Emporium.
  2602 | D:3      | Identified the +1 leather armour "Tunoadwo" {rPois rN+}
  2751 | D:3      | Noticed a phantom
  3198 | D:3      | Gained mutation: Your magical capacity is low. (-10% MP)
                  | [potion of mutation]
  3198 | D:3      | Gained mutation: You passively map a small area around you.
                  | [potion of mutation]
  3198 | D:3      | Gained mutation: You passively dampen the noise of your
                  | surroundings. [potion of mutation]
  3206 | D:3      | Killed a phantom
  3207 | D:3      | Reached XP level 5. HP: 16/37 MP: 4/4
  3744 | D:3      | Identified a scroll of acquirement
  3744 | D:3      | Acquired the +2 buckler of Daenuj {rPois MP+9 Int+3}
  3910 | D:4      | Bought a scroll of identify for 26 gold pieces
  3910 | D:4      | Bought a scroll of identify for 26 gold pieces
  4090 | D:3      | Learned a level 1 spell: Sandblast
  4164 | D:3      | HP: 1/37 [black bear (4)]
  4164 | D:3      | Mangled by a black bear

Illustrated notes

Levels and vault maps discovered:
D:1:      lightli_arrival_statue_moat, layout_loops_ring, minmay_surrounded
D:2:      layout_loops_corners, hellmonk_ecumenical_altar_blasted, serial_shops,
          shop_statue, minmay_tetromino_o2
D:3:      layout_loops_corners, minmay_misc_feat_rows, kennysheep_flooded_box
D:4:      layout_basic, serial_shops, shop_statue, uniq_menkaure
D:5:      due_chaos_kobolds, layout_basic, nicolae_wormholes
D:6:      layout_rooms, hellmonk_ghost_happy_afterlife, nicolae_shop_vocational,
          uniq_sigmund

Skill      XL: |  1  2  3  4  5 |
---------------+----------------+-----
Stealth        | 7 |  7.6
Axes           | 3 |  3.3
Dodging        | 3 |  3.2
Fighting       | 4 |  4.0
Shields        | |  0.3

Action                   |  1- 3 |  4- 6 || total
-------------------------+-------+-------++-------
Melee: Hand axe          |    14 |       ||    14
       Tentacles         |    16 |    13 ||    29
       Constrict         |    14 |     6 ||    20
       Dagger            |    52 |    63 ||   115
       Punch             |     1 |     1 ||     2
 Cast: Sandblast         |       |     4 ||     4
Evoke: Wand              |     3 |       ||     3
  Use: Scroll            |     2 |    11 ||    13
       Potion            |     1 |     4 ||     5
 Stab: Sleeping          |    17 |    11 ||    28
Armor: Skin              |     4 |     6 ||    10
Dodge: Dodged            |    48 |    39 ||    87
Block: Buckler           |       |     3 ||     3
